AoeStats
← Random

MegaRandom

508105454Analyzed
4v4 RM · 11d ago on Sep 20, 2026· 39m 49s· 8 players
Game mode
Random Map
Map size
Large (8 player)
Population
200
Speed
Normal
Resources
Standard
Victory
Conquest
Starting age
Dark Age
Ending age
Imperial Age
RankedLock teamsTeams togetherTeam positionsShared explorationLock speedFull tech treeHidden civsTurbo modeCheats
Victory
Defeat
1574
+17
🇲🇽 Koreans · Mexico
1512
+20
🇨🇦 Italians · Canada
1464
+22
🇲🇽 Burgundians · Mexico
1459
+22
🇨🇴 Bengalis · Colombia
1637
-22
🇲🇽 Japanese · Mexico
1616
-21
🇺🇸 Huns · United States
1576
-19
🇺🇸 Berbers · United States
1561
-19
Random
9:44 Feudal Age
14:08 Castle Age
12:06 Horse Collar
12:11 Double-Bit Axe
12:50 Double-Bit Axe
14:34 Bloodlines
14:54 Heavy Plow
15:58 Bow Saw
20:53 Wheelbarrow
21:21 Husbandry
21:28 Gold Mining
21:40 Gold Mining
22:34 Bloodlines
23:03 Scale Barding Armor
23:52 Forging
24:50 Chain Barding Armor
26:29 Iron Casting
26:45 Gold Shaft Mining
33:00 Imperial Age
30:17 Loom
30:18 Town Watch
31:56 Light Cavalry
33:08 Cavalier
34:31 Plate Barding Armor
34:10 Hussar
36:00 Blast Furnace
37:20 Conscription
38:10 Paladin
PaRappa56
8:23 Loom
10:18 Feudal Age
15:01 Castle Age
13:16 Double-Bit Axe
15:03 Padded Archer Armor
19:10 Horse Collar
20:54 Town Watch
21:55 Wheelbarrow
22:10 Bow Saw
22:27 Gold Mining
22:28 Stone Mining
23:46 Fletching
26:01 Hand Cart
27:43 Stone Shaft Mining
28:05 Bodkin Arrow
28:48 Bloodlines
28:39 Husbandry
29:39 Leather Archer Armor
34:28 Imperial Age
33:02 Ballistics
33:19 Town Patrol
34:55 Thumb Ring
35:18 Elite Camel Archer
36:12 Bracer
37:54 Chemistry
37:36 Conscription
37:25 Kasbah
39:04 Hoardings
38:43 Elite Genitour
VX | Anubis
0:32 Loom
9:41 Feudal Age
15:21 Castle Age
13:56 Double-Bit Axe
14:33 Horse Collar
16:15 Bow Saw
16:43 Fletching
19:28 Bodkin Arrow
24:16 Wheelbarrow
24:33 Padded Archer Armor
26:37 Ballistics
27:18 Leather Archer Armor
28:33 Town Watch
29:23 Hand Cart
29:37 Bloodlines
31:32 Thumb Ring
32:06 Heavy Plow
33:31 Fortified Wall
33:32 Masonry
The .Gocho
0:29 Loom
9:24 Feudal Age
10:05 Town Watch
13:49 Castle Age
12:04 Double-Bit Axe
15:42 Bow Saw
20:10 Horse Collar
20:48 Fletching
22:05 Wheelbarrow
22:25 Gold Mining
23:04 Stone Mining
24:03 Hand Cart
25:05 Town Watch
28:48 Imperial Age
26:58 Bodkin Arrow
28:31 Ballistics
28:13 Padded Archer Armor
28:50 Husbandry
29:00 Bloodlines
29:10 Leather Archer Armor
30:33 Chemistry
29:37 Bracer
31:17 Ring Archer Armor
30:57 Elite Elephant Archer
36:24 Conscription
35:30 Pikeman
36:10 Squires
36:20 Scale Mail Armor
36:30 Forging
36:25 Gambesons
37:12 Paiks
38:29 Two-Man Saw
37:02 Halberdier
39:13 Chain Mail Armor
39:33 Iron Casting
38:47 Arson
eloysuarez93
0:31 Loom
11:33 Feudal Age
15:36 Castle Age
13:39 Double-Bit Axe
13:35 Horse Collar
16:54 Bow Saw
16:45 Heavy Plow
17:01 Fletching
22:33 Bodkin Arrow
24:46 Husbandry
26:04 Wheelbarrow
26:52 Ballistics
27:17 Town Watch
28:13 Thumb Ring
28:52 Gold Mining
28:53 Stone Mining
30:42 Hand Cart
33:24 Imperial Age
34:12 Bracer
35:14 Chemistry
35:16 Masonry
36:10 Two-Man Saw
35:50 Conscription
35:41 Elite War Wagon
37:38 Squires
38:22 Caravan
37:59 Elite Skirmisher
40:02 Architecture
39:38 Siege Engineers
Mycorrhizal
0:29 Loom
8:59 Feudal Age
9:39 Double-Bit Axe
10:50 Horse Collar
20:07 Castle Age
19:13 Gold Mining
19:56 Fletching
20:08 Padded Archer Armor
21:02 Bow Saw
21:07 Heavy Plow
21:08 Bodkin Arrow
20:51 Crossbowman
25:11 Ballistics
25:32 Thumb Ring
32:30 Imperial Age
31:30 Elite Skirmisher
33:24 Wheelbarrow
32:35 Town Watch
33:13 Leather Archer Armor
33:13 Masonry
32:42 Arbalester
34:05 Bracer
35:39 Conscription
35:48 Elite Genoese Crossbowman
37:37 Stone Mining
40:52 Ring Archer Armor
Seifer
0:29 Loom
4:29 Double-Bit Axe
9:46 Feudal Age
8:33 Horse Collar
11:11 Bow Saw
18:34 Castle Age
17:16 Gold Mining
17:28 Heavy Plow
18:12 Wheelbarrow
22:04 Two-Man Saw
22:05 Husbandry
21:26 Cavalier
22:48 Gold Shaft Mining
22:36 Scale Barding Armor
22:42 Forging
23:18 Town Watch
24:14 Chain Barding Armor
26:17 Iron Casting
26:40 Hand Cart
36:04 Imperial Age
33:34 Light Cavalry
36:39 Crop Rotation
36:14 Paladin
36:16 Hussar
37:36 Plate Barding Armor
QNA | Apachai Hopachai
0:28 Loom
11:01 Feudal Age
15:00 Castle Age
13:55 Double-Bit Axe
14:04 Horse Collar
16:09 Bow Saw
17:30 Heavy Plow
26:59 Wheelbarrow
30:19 Imperial Age
28:33 Hand Cart
29:02 Pikeman
29:43 Squires
29:44 Scale Mail Armor
29:47 Gold Mining
29:48 Stone Mining
30:23 Ballistics
30:56 Chain Mail Armor
30:52 Forging
30:35 Capped Ram
31:29 Halberdier
31:54 Arson
33:17 Chemistry
33:17 Plate Mail Armor
33:24 Iron Casting
32:43 Guard Tower
32:58 Siege Ram
36:55 Gambesons
37:50 Keep
38:10 Murder Holes
37:56 Treadmill Crane
39:01 Gold Shaft Mining
39:01 Stone Shaft Mining
38:58 Crop Rotation
39:29 Two-Man Saw
38:55 Caravan
39:23 Scale Barding Armor
39:12 Fletching
39:10 Arrowslits
40:10 Bodkin Arrow
40:15 Padded Archer Armor
Connection lost

Rejoining the realm…

Still unreachable

The connection could not be restored.

Session expired

The server has moved on; the page needs a fresh start.